 Dungeon Crawl Stone Soup version 0.24-a0-218-ga595e75 (webtiles) character file.

Game seed: 10783285985938098884

46 VLARC the Slasher (level 3, 0/20 HPs)
             Began as a Vine Stalker Monk on Mar 30, 2019.
             Succumbed to an adder's poison
             ... on level 2 of the Dungeon.
             The game lasted 00:02:29 (1342 turns).

VLARC the Slasher (Vine Stalker Monk)               Turns: 1342, Time: 00:02:30

Health: 0/20       AC:  5    Str: 13    XL:     3   Next: 66%
Magic:  4/6        EV: 11    Int: 11    God:
Gold:   95         SH:  0    Dex: 16    Spells: 5/5 levels left

rFire    . . .     SeeInvis .   a - +0 falchion
rCold    . . .     Gourm    .   (no shield)
rNeg     . . .     Faith    .   e - +0 ring mail
rPois    .         Spirit   +   (no helmet)
rElec    .         Reflect  .   (no cloak)
rCorr    .         Harm     .   (no gloves)
MR       .....                  (no boots)
Stlth    ++........             k - amulet of inaccuracy (curse)
HPRegen  0.06/turn              (no ring)
MPRegen  0.10/turn              (no ring)

@: lethally poisoned (0 -> -12)
A: fangs 2, magic shield, antimagic bite, no potion heal 3, rot immunity
a: no special abilities


You were on level 2 of the Dungeon.
You were not hungry.

You visited 1 branch of the dungeon, and saw 2 of its levels.

You collected 95 gold pieces.

Inventory:

Hand Weapons
 a - a +0 falchion (weapon)
Armour
 b - a +0 robe
 e - a +0 ring mail (worn)
Jewellery
 k - a cursed amulet of inaccuracy (around neck)
Scrolls
 d - a scroll of teleportation
 f - a scroll of identify
 h - a scroll of blinking
 i - a scroll of enchant armour
Potions
 j - a potion of curing
Comestibles
 c - 4 rations
 g - a chunk of flesh


   Skills:
 + Level 3.2 Fighting
 + Level 3.2 Long Blades
 - Level 2.4 Dodging
 - Level 2.4 Stealth
 + Level 1.6 Spellcasting


You had 5 spell levels left.
You didn't know any spells.
Your spell library was empty.

Dungeon Overview and Level Annotations

Branches:
Dungeon (2/15)

Altars:


Innate Abilities, Weirdness & Mutations

You have extremely sharp teeth.
When hurt, damage is shared between your health and your magic reserves.
Your bite disrupts and absorbs the magic of your enemies.
Potions cannot restore your health.
You are immune to rotting.


Message History

* * * LOW HITPOINT WARNING * * *
You feel sick. The adder bites you but does no damage.
You closely miss the adder. Your bite misses the adder.
The adder is heavily wounded.
* * * LOW HITPOINT WARNING * * *
You feel sick. The adder bites you.
* * * LOW HITPOINT WARNING * * *
You miss the adder.
The adder is heavily wounded.
* * * LOW HITPOINT WARNING * * *
You feel sick. The adder closely misses you. The adder barely misses you.
You barely miss the adder. Your bite misses the adder.
The adder is heavily wounded.
* * * LOW HITPOINT WARNING * * *
You feel sick. The adder closely misses you.
You riposte.
You miss the adder. Your bite misses the adder.
The adder is heavily wounded.
You closely miss the adder. Your bite misses the adder.
The adder is heavily wounded.
You die...

### #@# ### #S#
#<# #.# #.# #.#
#.# #######.# #.#
#.....#.# #.#
##########.###.#.#
#.#
.................#
#.#
...#######.###...#
######.#


You could see an adder.

Vanquished Creatures
  A gnoll (D:2)
  2 leopard geckos
  4 giant cockroaches (D:1)
  7 goblins
  5 hobgoblins
  A quokka (D:2)
  2 bats (D:1)
  2 frilled lizards
  4 kobolds
  4 rats
32 creatures vanquished.

Notes
Turn   | Place    | Note
-------+----------+-------------------------------------------
     0 | D:1      | VLARC the Vine Stalker Monk began the quest for the Orb.
     0 | D:1      | Reached XP level 1. HP: 11/11 MP: 2/2
   405 | D:1      | Reached XP level 2. HP: 16/16 MP: 2/4
   436 | D:1      | Reached skill level 1 in Spellcasting
   854 | D:1      | Reached XP level 3. HP: 20/20 MP: 5/5
  1341 | D:2      | HP: 1/20 [poisoned by an adder]
  1342 | D:2      | Succumbed to an adder's poison

Levels and vault maps discovered:
D:1:      matt_arrival_los_fun, layout_basic
D:2:      layout_basic, first_ration, minmay_pentomino_t2

Skill      XL: |  1  2 |
---------------+-------+-----
Spellcasting   | 1 |  1.6
Long Blades    | 3 |  3.2
Fighting       | 3 |  3.2
Dodging        | |  2.4
Stealth        | |  2.4

Action                   || total
-------------------------++-------
Melee: Falchion          ||    85
       Bite              ||    18
  Use: Scroll            ||     3
       Potion            ||     2
 Stab: Sleeping          ||     3
  Eat: Chunk             ||     1
Armor: Ring mail         ||    27
       Skin              ||    15
Dodge: Dodged            ||    43
       Rpst.: Falchion   ||    15

Table legend:
 A = Non-vault XP
 B = Vault XP
 C = Vault XP percentage of total XP
 D = Non-vault monster count
 E = Vault monster count
 F = Vault count percentage of total count
                 A         B        C        D         E       F
            +---------+---------+-------+---------+---------+-------
      Total |      66 |       0 |   0.0 |      32 |       0 |   0.0
            +---------+---------+-------+---------+---------+-------
        D:1 |      35 |       0 |   0.0 |      21 |       0 |   0.0
        D:2 |      31 |       0 |   0.0 |      11 |       0 |   0.0
            +---------+---------+-------+---------+---------+-------
